 Dungeon Sprint DCSS version 0.27.1-33-g824d729ab1 (webtiles) character file.

Game seed: 7722773200374940176

869 Adenis the Fighter (level 8, 0/100 HPs)
             Began as an Ogre Berserker on Dec 4, 2021.
             Was a Priest of Trog.
             Slain by a kobold demonologist (3 damage)
             ... in the Dungeon (Sprint I: "Red Sonja").
             The game lasted 00:01:44 (1046 turns).

Adenis the Fighter (Ogre Berserker)                 Turns: 1046, Time: 00:01:45

Health: 0/100      AC: -1    Str: 24    XL:     8   Next: 3%
Magic:  8/8        EV: 11    Int:  8    God:    Trog [***...]
Gold:   362        SH:  0    Dex:  8    Spells: 7/7 levels left

rFire    . . .     SeeInvis .   j - +0 giant spiked club
rCold    . . .     Faith    .   (shield currently unavailable)
rNeg     . . .     Spirit   .   b - +0 animal skin
rPois    .         Reflect  .   (helmet restricted)
rElec    .         Harm     .   (no cloak)
rCorr    .         Rampage  .   (gloves unavailable)
Will     .....     NoTele   +   (boots unavailable)
Stlth    +.........             (no amulet)
HPRegen  0.26/turn              (no ring)
MPRegen  0.11/turn              (no ring)

@: corroded, on berserk cooldown, slowed, very slow
A: large, unfitting armour, tough skin 1
a: Renounce Religion, Berserk, Trog's Hand


You were in the Dungeon.
You worshipped Trog.
Trog was most pleased with you.
You visited 1 branch You collected 362 gold pieces.

Inventory:

Hand Weapons
 a - a +0 hand axe
 j - a +0 giant spiked club (weapon)
Armour
 b - a +0 animal skin (worn)
Wands
 i - a wand of flame (7)
Scrolls
 h - a scroll of blinking
Potions
 c - a potion of curing
 e - a potion of haste
 f - 2 potions of magic
 g - a potion of berserk rage
 k - a potion of lignification {unknown}
 l - a potion of flight {unknown}


   Skills:
 + Level 12.3 Fighting
 + Level 9.9(10.5) Axes
 + Level 5.3(7.9) Maces & Flails
 + Level 8.7 Dodging
 + Level 0.8 Stealth


You had 7 spell levels left.
You didn't know any spells.
Your spell library was empty.

Dungeon Overview and Level Annotations

Branches:
Dungeon (1/1)

Altars:
Makhleb
Sif Muna
Vehumet
Wu Jian
Xom
Jiyva
Lugonu


Innate Abilities, Weirdness & Mutations

You are too large for most types of armour.
You have tough skin. (AC +1)


Message History

* * * LOW HITPOINT WARNING * * *
The kobold demonologist hits you with a +0 dagger.
* * * LOW HITPOINT WARNING * * *
The crimson imp picks up a beetle and eats it.
The crimson imp hits you.
* * * LOW HITPOINT WARNING * * *
You feel much better.
The hellwing disappears in a puff of smoke!
The kobold demonologist hits you with a +0 dagger.
* * * LOW HITPOINT WARNING * * *
The crimson imp hits you.
* * * LOW HITPOINT WARNING * * *
The crimson imp picks up a beetle and eats it.
The kobold demonologist hits you with a +0 dagger.
* * * LOW HITPOINT WARNING * * *
You hit the kobold demonologist but do no damage.
The kobold demonologist is lightly wounded.
The ynoxinul gestures.
The crimson imp hits you.
* * * LOW HITPOINT WARNING * * *
The kobold demonologist barely misses you.
The crimson imp blinks!
The kobold demonologist gestures wildly while chanting.
You puncture the kobold demonologist!
The kobold demonologist is moderately wounded.
The shadow imp disappears in a puff of smoke!
The ufetubus disappears in a puff of smoke!
The ufetubus hits you.
* * * LOW HITPOINT WARNING * * *
The ufetubus barely misses you. The crimson imp hits you.
* * * LOW HITPOINT WARNING * * *
The rust devil hits you.
* * * LOW HITPOINT WARNING * * *
The rust devil corrodes you!
The kobold demonologist casts a spell.
The ufetubus closely misses you. The ufetubus hits you.
* * * LOW HITPOINT WARNING * * *
The crimson imp blinks! x2; The rust devil closely misses you.
The kobold demonologist hits you with a +0 dagger.
You die...

#####################
.÷..#..'..#__#5§@435#
.#..').#.5'..'.5#K§5#
###'#####'#__####55.+
#..#...#.#### ####
####..##(# ##'#_.+
+..._# #_.#'# ##+#.#


You could see a rust devil (summoned), a kobold demonologist, a ynoxinul
(summoned), a quasit (summoned), 2 crimson imps and 4 ufetubi.

Vanquished Creatures
  A kobold demonologist (D)
  A slime creature (D)
  Sigmund (D)
  A floating eye (D)
  An ogre (D)
  A jelly (D)
  Ijyb (D)
7 creatures vanquished.

Notes
Turn   | Place    | Note
-------+----------+-------------------------------------------
     0 | D        | Adenis the Ogre Berserker began the quest for the Orb.
     0 | D        | Reached XP level 1. HP: 24/24 MP: 1/1
     2 | D        | Noticed Ijyb
    11 | D        | Killed Ijyb
    12 | D        | Reached skill level 5 in Fighting
    12 | D        | Reached XP level 2. HP: 36/36 MP: 2/2
    12 | D        | Reached XP level 3. HP: 44/44 MP: 3/3
   150 | D        | Noticed an ogre
   155 | D        | Killed an ogre
   156 | D        | Reached skill level 8 in Fighting
   156 | D        | Reached skill level 5 in Dodging
   156 | D        | Reached XP level 4. HP: 51/57 MP: 4/4
   450 | D        | Noticed Sigmund
   456 | D        | Killed Sigmund
   456 | D        | Reached ** piety under Trog
   457 | D        | Reached skill level 10 in Fighting
   457 | D        | Reached skill level 1 in Maces & Flails
   457 | D        | Reached XP level 5. HP: 68/68 MP: 5/5
   457 | D        | Reached XP level 6. HP: 78/78 MP: 6/6
   614 | D        | Found an ornate altar of the Wu Jian Council.
   614 | D        | Found a shimmering blue altar of Sif Muna.
   616 | D        | Found a radiant altar of Vehumet.
   692 | D        | Found a burning altar of Makhleb.
   692 | D        | Found a viscous altar of Jiyva.
   692 | D        | Found a shimmering altar of Xom.
   692 | D        | Found a corrupted altar of Lugonu.
   692 | D        | Noticed a slime creature
   698 | D        | Killed a slime creature
   699 | D        | Reached skill level 11 in Fighting
   699 | D        | Reached XP level 7. HP: 78/88 MP: 7/7
  1025 | D        | Noticed a kobold demonologist
  1026 | D        | Noticed a kobold demonologist
  1029 | D        | Reached *** piety under Trog
  1033 | D        | Noticed a hellwing
  1034 | D        | Noticed a ynoxinul
  1035 | D        | Noticed a soul eater
  1039 | D        | Killed a kobold demonologist
  1040 | D        | Reached skill level 12 in Fighting
  1040 | D        | Reached skill level 5 in Maces & Flails
  1040 | D        | Reached XP level 8. HP: 47/100 MP: 8/8
  1042 | D        | Noticed a rust devil
  1046 | D        | HP: 3/100 [ufetubus[a kobold demonologist] (5)]
  1046 | D        | Slain by a kobold demonologist

Illustrated notes

Levels and vault maps discovered:
D:        dungeon_sprint_1 [red_sonja_temple_1, red_sonja_temple_small_1]

Skill      XL: |  1  2  3  4  5  6  7 |
---------------+----------------------+-----
Fighting       | 5 8 10 11 12 | 12.3
Axes           | 4 6 8 9 |  9.9
Dodging        | 3 5 6 7 8 |  8.7
Maces & Flails | 1 3 5 |  5.3
Stealth        | |  0.8

Action                   |  1- 3 |  4- 6 |  7- 9 || total
-------------------------+-------+-------+-------++-------
Melee: Hand axe          |    11 |       |       ||    11
       Giant spiked club |       |     9 |    17 ||    26
Invok: Berserk           |     2 |     3 |     1 ||     6
Evoke: Wand              |       |       |     1 ||     1
  Use: Potion            |       |       |     1 ||     1
Armor: Animal skin       |       |     1 |     5 ||     6
Dodge: Dodged            |     2 |     2 |    25 ||    29
